 Dungeon Crawl Stone Soup version 0.27-a0-1147-gb3d8e82157 (webtiles) character file.

Game seed: 14502318598449621486

6 Shayle the Grave Robber (level 1, -1/13 HPs)
             Began as a Palentonga Necromancer on May 12, 2021.
             Slain by a jackal (3 damage)
             ... on level 1 of the Dungeon.
             The game lasted 00:00:54 (596 turns).

Shayle the Grave Robber (Palentonga Necromancer)     Turns: 596, Time: 00:00:54

Health: -1/13      AC:  4    Str: 11    XL:     1   Next: 75%
Magic:  2/4        EV:  9    Int: 15    God:
Gold:   16         SH:  0    Dex: 10    Spells: 4/5 levels left

rFire    . . .     SeeInvis +   c - +0 club
rCold    . . .     Faith    .   (no shield)
rNeg     . . .     Spirit   .   a - +0 robe
rPois    .         Reflect  .   (no helmet)
rElec    .         Harm     .   (no cloak)
rCorr    .         Rampage  .   (no gloves)
Will     .....                  (no barding)
Stlth    +.........             (no amulet)
HPRegen  0.04/turn              (no ring)
MPRegen  0.09/turn              (no ring)

@: no status effects
A: large, rugged brown scales 3, see invisible, deformed body, roll 1, armoured
tail
a: Rolling Charge


You were on level 1 of the Dungeon.
You visited 1 branch of the dungeon, and saw 2 of its levels.

You collected 16 gold pieces.

Inventory:

Hand Weapons
 c - a +0 club (weapon)
Armour
 a - a +0 robe (worn)
Scrolls
 b - a scroll of immolation {unknown}
Potions
 d - a potion of heal wounds {unknown}


   Skills:
 - Level 1.5 Dodging
 - Level 1.2 Stealth
 + Level 2.5 Spellcasting
 - Level 4.0 Necromancy


You had 4 spell levels left.
You knew the following spells:

 Your Spells              Type           Power      Damage    Failure   Level
a - Pain                  Necr           52%        1d6       4%          1

Your spell library contained the following spells:

 Spells                   Type           Power      Damage    Failure   Level
 Animate Skeleton         Necr           26%        N/A       4%          1
 Vampiric Draining        Necr           6%         2d6       12%         3
 Animate Dead             Necr           6%         N/A       38%         4
 Agony                    Necr           13%        N/A       75%         5


Dungeon Overview and Level Annotations

Branches:
Dungeon (2/15)

Altars:


Innate Abilities, Weirdness & Mutations

You are completely covered in rugged brown scales. (AC +3, +7% HP)
You have supernaturally acute eyesight. (SInv)
Armour fits poorly on your strangely shaped body.
You can roll at nearby foes to attack.
You have a long armoured tail.


Message History

The bat hits you but does no damage.
The jackal stops to sniff the ground.
The jackal bites you but does no damage.
The bat barely misses you. The bat hits you but does no damage.
There is a stone staircase leading down here.
The bat hits you.
The jackal bites you but does no damage.
You climb downwards.
A goblin comes into view. It is wielding a +0 club.
Found a scroll labelled TANATE SAMYLL.
There is a stone staircase leading up here.
A ball python and a hobgoblin come into view.
The jackal bites you.
Found an escape hatch in the ceiling.
The jackal closely misses you.
The jackal bites you but does no damage.
There is an escape hatch in the ceiling here.
The jackal bites you. The jackal barely misses you.
A mysterious force pulls you upwards. The hatch slams shut behind you.
An endoplasm comes into view.
The endoplasm quivers.
The endoplasm hits you.
Found a scroll labelled TANATE SAMYLL.
The jackal bites you. The jackal barely misses you.
Casting: Pain (safe; 4% risk of failure)
Confirm with . or Enter, or press ? or * to list all spells.
Aiming: Pain (safe; 4% risk of failure)
Press: ? - help, Shift-Dir - straight line, f - jackal
Aim: a jackal (chance to affect: 83%)
The jackal writhes in agony.
The jackal bites you.
* * * LOW HITPOINT WARNING * * *
Casting: Pain (safe; 4% risk of failure)
Confirm with . or Enter, or press ? or * to list all spells.
Aiming: Pain (safe; 4% risk of failure)
Press: ? - help, Shift-Dir - straight line, f/p - jackal
Aim: a jackal (chance to affect: 83%)
The jackal writhes in agony.
The jackal bites you.
You die...

## #. ## # ..
.# #. #? .#
.#.. # #. .#
....
###.##.## .#
.(..
........###.#
#..
#.....Jh@.#
###
#.....###.#
#...... .#
##....## .#
#.#... ..
#.#.## .# #
#. .# #+ .#


You could see an endoplasm and a jackal.

Vanquished Creatures
  An endoplasm (D:1)
  2 hobgoblins (D:1)
  A bat (D:1)
  A frilled lizard (D:1)
  A goblin (D:1)
6 creatures vanquished.

Notes
Turn   | Place    | Note
-------+----------+-------------------------------------------
     0 | D:1      | Shayle the Palentonga Necromancer began the quest for the
                  | Orb.
     0 | D:1      | Reached XP level 1. HP: 13/13 MP: 3/3
   596 | D:1      | Slain by a jackal

Illustrated notes

Levels and vault maps discovered:
D:1:      dpeg_arrival_water_fire, layout_loops_corners,
          minmay_misc_feat_columns, supply_closet_lemuel
D:2:      layout_basic, chequers_ecumenical_altar_simple

Action                   || total
-------------------------++-------
Melee: Club              ||    10
       Unarmed           ||     7
       Tailslap          ||     1
 Cast: Pain              ||     9
Armor: Robe              ||     8
Dodge: Dodged            ||    16

Table legend: (Time is in decaauts)
 A = Elapsed time spent in this place.
 B = Non-inter-level travel time spent in this place.
 C = Inter-level travel time spent in this place.
 D = Time resting spent in this place.
 E = Time spent auto-exploring this place.
 F = Levels seen in this place.
 G = Mean time per level.
                   A        B        C        D        E       F      G
               +--------+--------+--------+--------+--------+-----+--------+
         Total |    598 |    598 |      0 |    152 |    381 |   2 |  299.0 |
       Dungeon |    598 |    598 |      0 |    152 |    381 |   2 |  299.0 |
               +--------+--------+--------+--------+--------+-----+--------+

Top non-repeatable levels by time:
     D:1: 592 daAuts
     D:2: 6 daAuts
